 Dungeon Crawl Stone Soup version 0.30.1-4-g462c640d31 (webtiles) character file.

Game seed: 3465673965481956861

126 RumbleBuddy the Magician (level 4, -6/21 HPs)
             Began as a Deep Elf Air Elementalist on Sept 3, 2023.
             Was a Follower of Hepliaklqana.
             Mangled by an ogre
             ... wielding a +0 giant spiked club
              (27 damage)
             ... on level 5 of the Dungeon on Sept 9, 2023.
             The game lasted 00:19:03 (1471 turns).

RumbleBuddy the Magician (DEAE)                     Turns: 1471, Time: 00:19:04

Health: -6/21      AC:  4    Str:  5    XL:     4   Next: 84%
Magic:  12/12      EV: 13    Int: 22    God:    Hepliaklqana [*.....]
Gold:   152        SH:  0    Dex: 15    Spells: 8/11 levels left

rFire   . . .        v - +1 dagger (pain)
rCold   . . .        (no shield)
rNeg    . . .        a - +0 robe
rPois   .            c - +0 helmet
rElec   .            (no cloak)
rCorr   .            t - +0 pair of gloves
SInv    .            (no boots)
Will    .....        (no amulet)
Stlth   ++           (no ring)
HPRegen 0.23/turn    (no ring)
MPRegen 0.13/turn

%: no passive effects
@: no status effects
A: reduced essence
a: Renounce Religion, Recall Ancestor, Ancestor Identity


You were on level 5 of the Dungeon.
You worshipped Hepliaklqana.
Hepliaklqana was aware of your devotion.
You visited 1 branch of the dungeon, and saw 4 of its levels.

You collected 152 gold pieces.

Inventory:

Hand Weapons
 g - a +3 dagger
 k - a +0 club
 l - a +4 dagger
 n - the +3 mace of Zeihuon {drain, Dex+4 Stlth+}
   (You found it on level 2 of the Dungeon)

   Dex:       It affects your dexterity (+4).
   Stlth:     It makes you more stealthy.
 o - a +0 sling
 v - a +1 dagger of pain (weapon)
Missiles
 f - 10 stones
 s - 2 throwing nets
Armour
 a - a +0 robe (worn)
 c - a +0 helmet (worn)
 t - a +0 pair of gloves (worn)
Wands
 p - a wand of flame (8)
Scrolls
 i - a scroll of fog {unknown}
 m - a scroll of enchant armour {unknown}
 u - 2 scrolls of poison {unknown}
Potions
 b - a potion of brilliance {unknown}
 e - a potion of heal wounds {unknown}
 h - 2 potions of lignification {unknown}
 j - a potion of haste {unknown}
 q - 2 potions of ambrosia {unknown}
 r - a potion of flight {unknown}


   Skills:
 + Level 1.0 Short Blades
 + Level 3.0 Dodging
 + Level 2.9 Stealth
 + Level 4.4 Spellcasting
 + Level 2.1 Conjurations
 + Level 3.9 Air Magic
 + Level 0.1 Evocations


You had 8 spell levels left.
You knew the following spells:

 Your Spells              Type           Power      Damage    Failure   Level
a - Shock                 Conj/Air       72%        1d7       3%          1
b - Static Discharge      Conj/Air       36%        2-4/arc   4%          2

Your spell library contained the following spells:

 Spells                   Type           Power      Damage    Failure   Level
 Swiftness                Air            22%        N/A       6%          3
 Lesser Beckoning         Tloc           8%         N/A       16%         2
 Airstrike                Air            11%        2d(2-18)  22%         4
 Call Canine Familiar     Summ           4%         N/A       32%         3
 Gell's Gravitas          Tloc           4%         N/A       32%         3
 Portal Projectile        Hex/Tloc       8%         N/A       32%         3
 Teleport Other           Tloc           4%         N/A       32%         3
 Leda's Liquefaction      Hex/Erth       2%         N/A       71%         4


Dungeon Overview and Level Annotations

Branches:
Dungeon (5/15)
 Temple: D:4-7

Altars:
Fedhas
Hepliaklqana

Shops:
D:2 [


Message History

Aiming: Shock (safe; 3% risk of failure)
Press: ? - help, Shift-Dir - straight line, f/p - gnoll
Aim: a gnoll, wielding a +0 flail (moderately wounded, ally target, 75% to hit)
The zap hits the gnoll.
The gnoll is severely wounded.
You hit the gnoll.
You kill the gnoll!
Your Short Blades skill increases to level 1!
You start putting on your armour.
You continue putting on your +0 helmet.
Your magical contamination has completely faded away.
You continue putting on your +0 helmet. x3
You finish putting on your +0 helmet.
You start putting on your armour.
You continue putting on your +0 pair of gloves. x4
You finish putting on your +0 pair of gloves.
Found a blossoming altar of Fedhas.
You now have 152 gold pieces (gained 6).
You swap places.
Items here: )) ††.
Things that are here:
a +0 dagger of pain; a goblin corpse
v - a +0 dagger of pain
As you read the scroll labelled CISAPP KO YZOE, it crumbles to dust.
It is a scroll of enchant weapon.
Your +0 dagger of pain glows red for a moment.
You have a feeling of ineptitude.
v - a +1 dagger of pain (weapon)
You see here a hobgoblin corpse.
Press: ? - help, v - describe, . - travel A blossoming altar of Fedhas.
Magic restored.
A sourceless malevolence fills the Dungeon...
You fall into a shaft and drop 2 floors!
The shaft crumbles and collapses.
Found an escape hatch in the floor.
Found a stone staircase leading up.
An ogre comes into view. It is wielding a +0 giant spiked club.
The ogre attacks as you move away!
The ogre hits you with a +0 giant spiked club!!
Ouch! That really hurt!
You die...

#### ##<..##
.......
.......##### #
.......@...#..#
......O#......#
......##.###.>#
.#...# ### ##
####


You could see an ogre.

Vanquished Creatures
  Robin (D:3)
  2 gnolls (D:3)
  An adder (D:3)
  2 worms (D:2)
  2 dart slugs
  3 endoplasms
  A giant cockroach (D:3)
  12 goblins
  5 hobgoblins
  14 jackals
  5 ball pythons
  6 bats
  3 frilled lizards
  A kobold (D:3)
  3 rats (D:1)
61 creatures vanquished.

Vanquished Creatures (collateral kills)
  A gnoll (D:3)
  2 goblins (D:3)
3 creatures vanquished.

Vanquished Creatures (others)
  An ancestor (D:3)
1 creature vanquished.

Grand Total: 65 creatures vanquished

Notes
Turn   | Place    | Note
-------+----------+-------------------------------------------
     0 | D:1      | RumbleBuddy the Deep Elf Air Elementalist began the quest
                  | for the Orb.
     0 | D:1      | Reached XP level 1. HP: 10/10 MP: 6/6
   182 | D:1      | Reached XP level 2. HP: 15/15 MP: 2/8
   299 | D:1      | Learned a level 2 spell: Static Discharge
   538 | D:1      | Reached XP level 3. HP: 18/19 MP: 4/9
   631 | D:2      | Identified the +3 mace of Zeihuon {drain, Dex+4 Stlth+}
   770 | D:2      | Found Uqu Fibo's Armour Emporium.
  1024 | D:2      | Found a faded altar of an unknown god.
  1029 | D:2      | Prayed at the altar of an unknown god.
  1029 | D:2      | Became a worshipper of Hepliaklqana the Forgotten
  1029 | D:2      | Reached * piety under Hepliaklqana
  1267 | D:3      | Reached XP level 4. HP: 21/21 MP: 4/11
  1284 | D:3      | Reached skill level 4 in Spellcasting
  1344 | D:3      | Noticed Robin
  1353 | D:3      | Killed Robin
  1385 | D:3      | Reached skill level 1 in Short Blades
  1397 | D:3      | Found a blossoming altar of Fedhas.
  1468 | D:3      | You fall into a shaft and drop 2 floors!
  1468 | D:5      | Entered Level 5 of the Dungeon
  1469 | D:5      | Noticed an ogre
  1471 | D:5      | Mangled by an ogre

Illustrated notes

Levels and vault maps discovered:
D:1:      dpeg_arrival_renting, layout_basic
D:2:      layout_basic, serial_shops, nicolae_lakefront_shop,
          chequers_ecumenical_altar_grove
D:3:      layout_rooms, nicolae_ru_awakened_eye,
          mainiacjoe_overflow_concentric_impassable, serial_rivers,
          chequers_serial_rivers_small_a, chequers_serial_rivers_micro_d,
          chequers_serial_rivers_marsh, chequers_serial_rivers_small_a,
          chequers_serial_rivers_micro_e, chequers_serial_rivers_micro_d,
          uniq_robin
D:5:      cheibrodos_fertilizer, layout_loops_ring,
          nicolae_sif_muna_condensation

Skill      XL: |  1  2  3  4 |
---------------+-------------+-----
Spellcasting   | 4 |  4.4
Dodging        | 3 |  3.0
Conjurations   | 2 |  2.1
Short Blades   | 1 |  1.0
Stealth        | |  2.9
Air Magic      | |  3.9
Evocations     | |  0.1

Action                     |  1- 3 |  4- 6 || total
---------------------------+-------+-------++-------
  Melee: Dagger            |    22 |     6 ||    28
         Punch             |     1 |       ||     1
   Cast: Shock             |    73 |    27 ||   100
         Static Discharge  |     4 |       ||     4
  Evoke: Wand              |     2 |     2 ||     4
    Use: Potion            |       |     2 ||     2
         Scroll            |       |     1 ||     1
   Stab: Sleeping          |     1 |       ||     1
 Armour: Robe              |     6 |     9 ||    15
  Dodge: Dodged            |    26 |    23 ||    49
